 Dungeon Crawl Stone Soup version 0.30.0-20-g3615ddf2f0 (webtiles) character file.

Game seed: 7654635324527582209

46 qw the Chopper (level 3, -2/23 HPs)
             Began as a Gargoyle Fighter on May 29, 2023.
             Slain by Sigmund
             ... wielding a +0 scythe
              (6 damage)
             ... on level 2 of the Dungeon.
             The game lasted 00:00:41 (1046 turns).

qw the Chopper (Gargoyle Fighter)                   Turns: 1046, Time: 00:00:42

Health: -2/23      AC: 14    Str: 21    XL:     3   Next: 68%
Magic:  3/3        EV:  5    Int:  8    God:
Gold:   58         SH:  4    Dex:  9    Spells: 2/2 levels left

rFire   . . .        a - +0 war axe
rCold   . . .        c - +0 buckler
rNeg    + . .        e - +0 plate armour
rPois   inf          (no helmet)
rElec   +            (no cloak)
rCorr   .            (no gloves)
SInv    .            (no boots)
Will    .....        (no amulet) Stlth
                     (no ring)
HPRegen 0.23/turn    (no ring)
MPRegen 0.08/turn

%: no passive effects
@: no status effects
A: sickness immunity, AC +3, negative energy resistance 1, electricity
resistance, torment resistance 1, petrification resistance
a: no special abilities


You were on level 2 of the Dungeon.
You visited 1 branch of the dungeon, and saw 2 of its levels.

You collected 58 gold pieces.


Innate Abilities, Weirdness & Mutations

You are immune to sickness and miasma.
Your stone body is resilient. (AC +3)
You are immune to poison.
You resist negative energy. (rN+)
You are resistant to electric shocks. (rElec)
You are resistant to unholy torment.
You are immune to petrification.


   Skills:
 - Level 3.2 Fighting
 + Level 3.5 Axes
 - Level 3.2 Armour
 - Level 3.2 Shields


You had 2 spell levels left.
You didn't know any spells.
Your spell library was empty.

Inventory:

Hand Weapons
 a - a +0 war axe (weapon)
 g - a +0 whip
Armour
 c - a +0 buckler (worn)
 e - a +0 plate armour (worn)
Jewellery
 b - a +6 ring of dexterity
Potions
 d - a potion of might
 f - a potion of invisibility {unknown}
 h - a potion of heal wounds {unknown}

Dungeon Overview and Level Annotations

Branches:
Dungeon (2/15)

Altars:

Shops:
D:1 *

Annotations:
D:2 Sigmund


Message History

Sigmund hits you from afar with a +0 scythe!
Sigmund hits you from afar with a +0 scythe.
Sigmund completely misses you.
Sigmund points at you and mumbles some strange words.
The magic dart hits you.
Enter note:
Enter note: Sigmund hits you but does no damage.
You feel less confused. Sigmund casts a spell at you.
You are confused.
Sigmund closely misses you.
Sigmund gestures wildly while chanting.
Sigmund flickers and vanishes!
Deactivating autopickup; reactivate with Ctrl-A.
Autopickup is now on.
Something hits you but does no damage.
Deactivating autopickup; reactivate with Ctrl-A.
Autopickup is now on.
You feel less confused. Something hits you.
Deactivating autopickup; reactivate with Ctrl-A.
Autopickup is now on.
Enter note:
Enter note:
Enter note:
Enter note:
Enter note:
Enter note:
Enter note:
There is a strange disturbance nearby!
A puff of flame appears from out of thin air!
Deactivating autopickup; reactivate with Ctrl-A.
The puff of flame hits you but does no damage.
You swing at nothing.
You swing at nothing.
You block something's attack.
You swing at nothing.
Something hits you.
You die...

#.## @##.# #.. .....#####
####.# #.......< ....#
#.##.##.#
###.#.####.##.##.#
...<#............########
........>................
.........#.##.##.########
................@.#
#####.#..#.##.##..# #
#.#..####........ #
#.#..# ####...#.#
#####.#..#### ........
............. ....#.###
#######..###. ........ #
#..# ##.#.#.## ###... .#


There were no monsters in sight!

Vanquished Creatures
  A worm (D:2)
  3 dart slugs
  4 endoplasms (D:1)
  3 giant cockroaches (D:1)
  2 goblins (D:1)
  2 hobgoblins
  2 jackals (D:1)
  2 ball pythons (D:1)
  5 bats
  4 frilled lizards
  5 kobolds (D:1)
  4 rats (D:1)
37 creatures vanquished.

Notes
Turn   | Place    | Note
-------+----------+-------------------------------------------
     0 | D:1      | qw the Gargoyle Fighter began the quest for the Orb.
     0 | D:1      | Reached XP level 1. HP: 14/14 MP: 1/1
     0 | D:1      | 0 ||| qw: Version: 0.2-a-102-g2b76a06
     0 | D:1      | 0 ||| qw: Game counter: 435
     0 | D:1      | 0 ||| qw: Always use a shield: true
     0 | D:1      | 0 ||| qw: God list: Okawaru
     0 | D:1      | 0 ||| qw: Allow faded altars: false
     0 | D:1      | 0 ||| qw: Do Orc after D:15 true
     0 | D:1      | 0 ||| qw: Do second Lair branch before Depths: true
     0 | D:1      | 0 ||| qw: Lair rune preference: random
     0 | D:1      | 0 ||| qw: Plans: Normal, Zot:1-4, Slime:5, God:TSO, Crypt,
                  | Tomb, Pan, Hells, Abyss, Win
     0 | D:1      | 0 ||| PLANNING D:1-11
    88 | D:1      | 88 ||| Stepping ~*~*~tactically~*~*~ (stealth).
    89 | D:1      | 89 ||| Stepping ~*~*~tactically~*~*~ (stealth).
   191 | D:1      | Reached XP level 2. HP: 15/19 MP: 2/2
   208 | D:1      | 208 ||| DROPPING +0 club.
   239 | D:1      | Found Luju's General Store.
   245 | D:1      | 245 ||| SHOPLISTING potion of curing (36 gold, have 3).
   245 | D:1      | 245 ||| SHOPLISTING scroll of enchant armour (90 gold, have
                  | 3).
   248 | D:1      | You fall into a shaft and drop 1 floor!
   418 | D:1      | Reached skill level 3 in Axes
   437 | D:1      | Reached XP level 3. HP: 20/23 MP: 3/3
   528 | D:1      | 528 ||| Stepping ~*~*~tactically~*~*~ (stealth).
   530 | D:1      | 530 ||| Stepping ~*~*~tactically~*~*~ (stealth).
   750 | D:1      | 750 ||| Stepping ~*~*~tactically~*~*~ (stealth).
   830 | D:1      | 830 ||| Stepping ~*~*~tactically~*~*~ (stealth).
   961 | D:1      | 961 ||| UPGRADING to +0 plate armour.
   971 | D:1      | 971 ||| DROPPING +0 scale mail.
  1014 | D:2      | Noticed Sigmund
  1015 | D:2      | 1015 ||| Stepping ~*~*~tactically~*~*~ (hiding).
  1040 | D:2      | HP: 3/23 [something (5)]
  1046 | D:2      | Slain by Sigmund

Levels and vault maps discovered:
D:1:      lightli_arrival_boilingwater, layout_loops_ring, serial_shops,
          nicolae_shop_crystal, chequers_serial_rivers_micro_d,
          chequers_decorated_corner, minmay_surrounded
D:2:      layout_basic, chequers_ecumenical_altar_simple_redux, basic_altar,
          uniq_sigmund, uniq_robin

Skill      XL: |  1  2 |
---------------+-------+-----
Axes           | 2 3 |  3.5
Fighting       | |  3.2
Armour         | |  3.2
Shields        | |  3.2

Action                     || total
---------------------------++-------
  Melee: War axe           ||   106
 Armour: Scale mail        ||    35
         Plate armour      ||     7
  Dodge: Dodged            ||    51
  Block: Buckler           ||    22

Table legend:
 A = Non-vault XP
 B = Vault XP
 C = Vault XP percentage of total XP
 D = Non-vault monster count
 E = Vault monster count
 F = Vault count percentage of total count
                 A         B        C        D         E       F
            +---------+---------+-------+---------+---------+-------
      Total |      62 |       5 |   7.5 |      34 |       3 |   8.1
            +---------+---------+-------+---------+---------+-------
        D:1 |      48 |       5 |   9.4 |      29 |       3 |   9.4
        D:2 |      14 |       0 |   0.0 |       5 |       0 |   0.0
            +---------+---------+-------+---------+---------+-------
